cohdb
Replays
Latest Replays
All Replays
Popular Replays
Top Player Replays
Match Explorer
How It Works
Community
CoH3 Stats
Reddit
Sign in to upload your games and track your stats! →
Sign in with Steam
Match 44559479
Unlisted
Match 44559479
Overview
Messages
Build Orders
End
Selects Special Operations Battlegroup
Selects M29 Weasel Recon Vehicle
M29 Weasel Recon Vehicle
Construct Barracks
Riflemen Squad
Riflemen Squad
Riflemen Squad
Grenade Package
Mechanized Support Center
Construct Weapon Support Center
Selects Raiding Flares
Construct Motor Pool
M24 Chaffee Light Tank
Selects SSF Commando Squad
SSF Commando Squad
Designate Forward Repair Station
M3 Armored Personnel Carrier
SSF Commando Squad
Serial Chiller
cockmeatsandwich
r.p.franklin1
IdusterC
Grønkjær
Skug
Wootsthat
hobbert
0
0
Comments
sign in to comment!
No comments posted yet!